 Dungeon Crawl Stone Soup version 0.20-a0-444-g3734ce0 (webtiles) character file.

3156 removeelyvilon the Nimble (level 9, -12/71 HPs)
             Began as a Cyno Transmuter on Jan 15, 2017.
             Was a Priest of Cheibriados.
             Mangled by a two-headed ogre
             ... wielding a +0 giant club
              (23 damage)
             ... on level 9 of the Dungeon.
             The game lasted 00:15:42 (11402 turns).

removeelyvilon the Nimble (Cyno Transmuter)        Turns: 11402, Time: 00:15:42

Health: -12/71     AC:  2    Str: 16 (17) XL:     9   Next: 62%
Magic:  9/13       EV: 33    Int: 16 (17) God:    Cheibriados [***...]
Gold:   526        SH:  0    Dex: 24      Spells: 4/13 levels left

rFire  . . .     SeeInvis .       - Unarmed
rCold  . . .     Gourm    .     (armour currently unavailable)
rNeg   + + .     Faith    .     (shield currently unavailable)
rPois  x         Spirit   .     (helmet currently unavailable)
rElec  .         Reflect  .     (cloak currently unavailable)
rCorr  .         Harm     .     (gloves currently unavailable)
MR     .....                    (boots currently unavailable)
Stlth  ++........               (no amulet)
                                y - ring of positive energy
                                C - ring of positive energy

@: spider-form (expiring), very slightly contaminated, repel missiles, very slow
A: limited potential, deterioration 1, strong 2
a: End Transformation, Bend Time, Temporal Distortion, Renounce Religion


You were on level 9 of the Dungeon.
You worshipped Cheibriados.
Cheibriados was most pleased with you.
You were full.
You were a venomous arachnid creature.
You visited 2 branches of the dungeon, and saw 10 of its levels.
You visited the Abyss 1 time.

You collected 526 gold pieces.

Inventory:

Missiles
 a - 174 arrows
Armour
 s - a +0 animal skin (melded)
 t - a +0 helmet (melded)
Jewellery
 y - a ring of positive energy (right front leg)
 C - a ring of positive energy (left front leg)
 F - an uncursed amulet of guardian spirit {unknown}
Wands
 q - a wand of polymorph (9/24)
 w - a wand of paralysis (11/24)
 D - a wand of paralysis (13/24)
Scrolls
 g - 4 scrolls of blinking
 h - a scroll of enchant weapon {unknown}
 i - 2 scrolls of fear
 k - a scroll of holy word
 l - a scroll of magic mapping
 m - a scroll of fog
 n - 2 scrolls of amnesia
 o - 3 scrolls of remove curse {unknown}
 x - 3 scrolls of recharging
 E - a scroll of immolation {unknown}
Potions
 b - a potion of cancellation {unknown}
 e - 2 potions of might
 j - a potion of lignification
 p - 3 potions of heal wounds
 z - a potion of brilliance
 A - 2 potions of flight {unknown}
Books
 c - a book of Changes

   Spells                             Type                      Level
   a - Beastly Appendage              Transmutation                1
   b - Sticks to Snakes               Transmutation                2
   c - Spider Form                    Transmutation/Poison         3
   d - Ice Form                       Ice/Transmutation            4
   e - Blade Hands                    Transmutation                5
 v - a book of Minor Magic

   Spells                             Type                      Level
   a - Magic Dart                     Conjuration                  1
   b - Blink                          Translocation                2
   c - Call Imp                       Summoning                    2
   d - Repel Missiles                 Charms/Air                   2
   e - Slow                           Hexes                        2
   f - Conjure Flame                  Conjuration/Fire             3
   g - Mephitic Cloud                 Conjuration/Poison/Air       3
 B - a book of Debilitation

   Spells                             Type                      Level
   a - Corona                         Hexes                        1
   b - Slow                           Hexes                        2
   c - Gell's Gravitas                Hexes/Translocation          3
   d - Inner Flame                    Hexes/Fire                   3
   e - Cause Fear                     Hexes                        4
   f - Leda's Liquefaction            Hexes/Earth                  4
Comestibles
 d - a bread ration
 f - 2 beef jerkies
 r - a meat ration
 u - a royal jelly


   Skills:
 + Level 6.6 Fighting
 - Level 10.8 Dodging
 - Level 9.0 Unarmed Combat
 - Level 2.6 Spellcasting
 - Level 2.4 Transmutations
 - Level 2.3 Poison Magic
 - Level 5.2 Invocations
 + Level 1.2 Evocations


You had 4 spell levels left.
You knew the following spells:

 Your Spells              Type           Power        Failure   Level  Hunger
b - Sticks to Snakes      Tmut           #.......     28%         2    ##.....
c - Spider Form           Tmut/Pois      #.........   41%         3    ###....
d - Repel Missiles        Chrm/Air       #.....       52%         2    ##.....
e - Blink                 Tloc           N/A          52%         2    ##.....


Dungeon Overview and Level Annotations

Branches:
Dungeon (9/15)             Temple (1/1) D:5
   Lair: D:8-11         Orc: D:9-12

Altars:
Ashenzari
Cheibriados
Dithmenos
Elyvilon
Fedhas
Gozag
Hepliaklqana
Kikubaaqudgha
Makhleb
Nemelex Xobeh
Okawaru
Qazlal
Ru
Sif Muna
Trog
Uskayaw
Vehumet
Xom
Yredelemnul
Zin
The Shining One

Annotations:
D:3 TwoGrow's ghost, weakling CyVM


Innate Abilities, Weirdness & Mutations

You have limited potential (max skill of 14).
Your body sometimes deteriorates upon taking damage.
Your muscles are very strong. (Str +4)


Message History

Unknown command.
You bite the two-headed ogre!
The two-headed ogre is moderately wounded.
Your transformation is almost over.
The two-headed ogre hits you with a giant club!!
The two-headed ogre hits you with a giant club!
Your body deteriorates!
You feel dopey.
You bite the two-headed ogre!
The two-headed ogre is poisoned.
The two-headed ogre is heavily wounded.
You hit the two-headed ogre.
The two-headed ogre looks as sick as possible!
The two-headed ogre is heavily wounded.
The two-headed ogre barely misses you.
The two-headed ogre hits you with a giant club!!
* * * LOW HITPOINT WARNING * * *
Unknown command.
The two-headed ogre completely misses you. x2
The two-headed ogre completely misses you.
The two-headed ogre hits you with a giant club!!
You die...

......# . ......# ..
###########.....# ...
#.....<...#.....### ....
#.........#.......# .....
#.........#.......#
......#########'#.......##
#........Os.............
#..####......###........ #
#......# #........
######.# #........ #.#
######... #.# .. #.# . #.#
#.#


You could see a two-headed ogre.

Vanquished Creatures
  The ghost of Charmandara the Slasher, an amateur CySk (D:4)
  A meliai zombie (D:7)
  A wyvern (D:7)
  A hungry ghost (D:7)
  An orc warrior (D:8)
  An ice beast (D:5)
  A phantom (D:7)
  4 ogres
  3 centaurs
  2 bullfrogs
  A gnoll sergeant (D:8)
  4 scorpions
  2 wights (D:8)
  6 howler monkeys
  2 crimson imps (D:5)
  A bullfrog zombie (D:8)
  A quasit (D:7)
  A gnoll shaman (D:5)
  An orc priest (D:5)
  3 jellies (D:6)
  4 orc wizards
  A centaur skeleton (D:6)
  2 iguanas
  5 worker ants
  A hound skeleton (D:7)
  Robin (D:3)
  10 gnolls
  A howler monkey skeleton (D:4)
  7 adders
  3 shadow imps
  2 oozes
  4 adder skeletons
  2 worms
  2 dart slugs
  5 leopard geckos
  26 orcs
  9 giant cockroaches
  17 goblins
  12 hobgoblins
  3 jackals (D:3)
  5 quokkas
  4 ball pythons
  4 bats
  5 frilled lizards (D:2)
  3 kobolds
  8 rats
184 creatures vanquished.

Vanquished Creatures (collateral kills)
  An adder (D:2)
  A gnoll (D:5)
  A jackal (D:3)
3 creatures vanquished.

Vanquished Creatures (others)
  An ooze (D:6)
1 creature vanquished.

Grand Total: 188 creatures vanquished

Notes
Turn   | Place    | Note
-------+----------+-------------------------------------------
     0 | D:1      | removeelyvilon the Cyno Transmuter began the quest for the Orb.
     0 | D:1      | Reached XP level 1. HP: 15/15 MP: 4/4
   181 | D:1      | Reached XP level 2. HP: 12/21 MP: 3/5
   649 | D:1      | Learned a level 2 spell: Sticks to Snakes
   944 | D:2      | Reached skill level 5 in Unarmed Combat
  1159 | D:2      | Reached XP level 3. HP: 17/26 MP: 2/7
  1325 | D:2      | Learned a level 3 spell: Spider Form
  1772 | D:2      | Reached skill level 1 in Poison Magic
  1835 | D:3      | Noticed TwoGrow's ghost (weakling CyVM)
  2572 | D:3      | Noticed Robin
  2635 | D:2      | Reached XP level 4. HP: 15/32 MP: 3/8
  2841 | D:3      | Killed Robin
  3804 | D:3      | Reached XP level 5. HP: 29/37 MP: 4/9
  4125 | D:4      | Noticed Charmandara's ghost (amateur CySk)
  4131 | D:3      | Found a deep blue altar of Sif Muna.
  4131 | D:3      | Found a hide-covered altar of Uskayaw.
  4261 | D:4      | Found an opulent altar of Gozag.
  4466 | D:4      | Reached XP level 6. HP: 34/43 MP: 5/10
  4712 | D:4      | Got a faintly glowing robe
  4720 | D:4      | Identified the +2 robe of Conscience {rF- Regen+ Int+2} (You found it on level 4 of the Dungeon)
  4730 | D:4      | Learned a level 2 spell: Repel Missiles
  4934 | D:4      | Found a burning altar of Makhleb.
  4934 | D:4      | Noticed an Executioner
  4970 | D:4      | Noticed a smoke demon
  4970 | D:4      | Noticed a hellwing
  5057 | D:4      | Killed Charmandara's ghost
  5538 | D:5      | Entered Level 5 of the Dungeon
  5609 | D:5      | Noticed an ice beast
  5617 | D:5      | Killed an ice beast
  5617 | D:5      | Reached XP level 7. HP: 38/52 MP: 7/11
  6266 | D:5      | HP: 1/55 [gnoll/halberd (19)]
  6271 | D:5      | Gained mutation: Your muscles are strong. (Str +2) [potion of mutation]
  6271 | D:5      | Gained mutation: Your muscles are very strong. (Str +4) [potion of mutation]
  6271 | D:5      | Gained mutation: Your body sometimes deteriorates upon taking damage. [potion of mutation]
  6301 | D:5      | Reached skill level 5 in Fighting
  6749 | D:5      | Found a staircase to the Ecumenical Temple.
  6755 | Temple   | Entered the Ecumenical Temple
  6851 | Temple   | Became a worshipper of Cheibriados the Contemplative
  7754 | D:5      | Reached * piety under Cheibriados
  8009 | D:6      | Reached skill level 3 in Dodging
  8009 | D:6      | Reached XP level 8. HP: 53/65 MP: 9/12
  8015 | D:6      | Reached skill level 4 in Dodging
  8217 | D:6      | Reached skill level 1 in Invocations
  8246 | D:6      | Reached skill level 5 in Dodging
  9014 | D:7      | Reached skill level 6 in Dodging
  9046 | D:7      | Reached skill level 5 in Invocations
  9058 | D:7      | Learned a level 2 spell: Blink
  9078 | D:7      | Reached skill level 7 in Dodging
  9080 | D:7      | Found a sacrificial altar of Ru.
  9089 | D:7      | Reached ** piety under Cheibriados
  9093 | D:7      | Reached XP level 9. HP: 60/70 MP: 11/13
  9246 | D:7      | Found a blossoming altar of Fedhas.
  9360 | D:7      | Reached skill level 8 in Dodging
  9412 | D:7      | Found a white marble altar of Elyvilon.
  9593 | D:7      | Reached skill level 9 in Dodging
 10428 | D:8      | Reached skill level 10 in Dodging
 10494 | D:8      | Cast into level 1 of the Abyss (gnoll)
 10500 | D:8      | Escaped the Abyss
 11153 | D:8      | Reached *** piety under Cheibriados
 11315 | D:8      | Reached skill level 1 in Evocations
 11389 | D:9      | Noticed a two-headed ogre
 11402 | D:9      | Mangled by a two-headed ogre

Vault maps used:
D:1:      minmay_arrival_checkered_box, corner_web_ring
D:2:      minmay_tree_intersection, due_unseen_surprise
D:3:      chequers_temple_overflow_statue_of_worship, first_bread, uniq_robin,
          uniq_jessica
D:4:      kennysheep_the_goblin_king, nicolae_gozag_seed_capital,
          minmay_misc_feat_ornament, makhleb_altar_promises_db
D:5:      serial_bayou, serial_bayou_ford_a, serial_bayou_shore_b,
          serial_bayou_shore_a, serial_bayou_pond_a
D:7:      marbit_many_paths, nicolae_ru_sacrificial_ziggurat, basic_altar
D:9:      david_lair_generic, serial_shops, nicolae_shop_stone, uniq_gastronok
Temple:   lightli_temple_of_artemis
Abyss:1:  due_exit_kobolds

Skill      XL: |  1  2  3  4  5  6  7  8  9 |
---------------+----------------------------+-----
Unarmed Combat | 4 5 6 7 9 |  9.0
Poison Magic   | 2 |  2.3
Fighting       | 3 6 |  6.6
Dodging        | 3 7 10 | 10.8
Invocations    | 5 |  5.2
Evocations     | 1 |  1.2
Spellcasting   | |  2.6
Transmutations | |  2.4

Action                   |  1- 3 |  4- 6 |  7- 9 || total
-------------------------+-------+-------+-------++-------
Melee: Unarmed           |   122 |   177 |   304 ||   603
       Headbutt          |     4 |       |       ||     4
       Kick              |     2 |       |       ||     2
       Punch             |     1 |       |     1 ||     2
 Cast: Beastly Appendage |    14 |       |       ||    14
       Sticks to Snakes  |     5 |     5 |     8 ||    18
       Spider Form       |     5 |    20 |    45 ||    70
       Repel Missiles    |       |     1 |     1 ||     2
 Abil: End Transformatio |       |     1 |       ||     1
  Use: Potion            |       |     4 |     4 ||     8
       Scroll            |       |     3 |     7 ||    10
 Stab: Sleeping          |       |       |     1 ||     1
  Eat: Chunk             |     7 |     6 |    13 ||    26
       Bread ration      |       |     2 |     2 ||     4
       Beef jerky        |       |     1 |     1 ||     2
Armor: Robe              |    11 |     7 |       ||    18
       Skin              |     2 |     4 |    17 ||    23
       Animal skin       |       |     4 |    13 ||    17
Dodge: Dodged            |    96 |   118 |   297 ||   511
       Deflected         |       |       |     2 ||     2
